 Dungeon Crawl Stone Soup version 0.31-a0-963-ga325b2283a (webtiles) character file.

Game seed: 13802635476503014896

5481 Bnni the Severer (level 10, -11/95 HPs)
             Began as a Hill Orc Monk on Oct 24, 2023.
             Was a Believer of Beogh.
             Mangled by a tengu warrior
             ... wielding a +0 great sword
              (15 damage)
             ... on level 9 of the Dungeon.
             The game lasted 00:11:36 (7311 turns).

Bnni the Severer (Hill Orc Monk)                    Turns: 7311, Time: 00:11:36

Health: -11/95     AC: 12    Str: 19    XL:     10   Next: 69%
Magic:  13/13      EV: 17    Int: 10    God:    Beogh [**....]
Gold:   603        SH:  0    Dex: 19    Spells: 9/9 levels left

rFire   . . .        E - +3 battleaxe
rCold   . . .        (shield currently unavailable)
rNeg    . . .        g - +0 ring mail
rPois   .            r - +2 helmet
rElec   .            R - +2 cloak {Will+}
rCorr   .            y - +0 pair of gloves
SInv    .            (no boots)
Will    +....        (no amulet)
Stlth   +            i - +5 ring of evasion
HPRegen 0.35/turn    l - +6 ring of dexterity
MPRegen 0.13/turn

%: no passive effects
@: no status effects
A: no striking features
a: Renounce Religion, Smiting


You were on level 9 of the Dungeon.
You worshipped Beogh.
Beogh was pleased with you.
You visited 2 branches of the dungeon, and saw 10 of its levels.
You also visited: Ossuary.

You collected 603 gold pieces.

Inventory:

Hand Weapons
 u - a +3 spear of flaming
 v - a +2 heavy hand axe
 B - a +1 halberd of venom
 E - a +3 battleaxe (weapon)
 M - a +0 glaive
 P - a +5 halberd
Missiles
 D - 6 boomerangs
 F - 10 poisoned darts
Armour
 d - an orb of light
 g - a +0 ring mail (worn)
 o - a +0 buckler
 q - the +1 scale mail of Integrity {*Slow rPois rF++}
   (You found it on level 2 of the Dungeon)

   rF++:      It greatly protects you from fire.
   rPois:     It protects you from poison *Slow: It may slow you when you take
   damage.
 r - a +2 helmet (worn)
 y - a +0 pair of gloves (worn)
 R - a +2 cloak of willpower (worn)
Jewellery
 i - a +5 ring of evasion (left hand)
 l - a +6 ring of dexterity (right hand)
 n - a ring of ice
Wands
 s - a wand of charming (2)
 I - a wand of digging (7)
Scrolls
 a - 4 scrolls of fog
 b - 5 scrolls of teleportation {unknown}
 j - a scroll of noise {unknown}
 k - 2 scrolls of revelation {unknown}
 p - a scroll of poison {unknown}
 w - a scroll of vulnerability {unknown}
 x - a scroll of enchant armour {unknown}
 A - a scroll of immolation {unknown}
 J - a scroll of brand weapon {unknown}
 K - a scroll of butterflies {unknown}
 Q - a scroll of amnesia {unknown}
Potions
 c - 2 potions of ambrosia
 e - a potion of berserk rage {unknown}
 f - 2 potions of magic
 h - 2 potions of attraction
 m - a potion of haste
 t - a potion of resistance
 z - 4 potions of mutation
 C - 2 potions of degeneration {unknown}
 G - a potion of brilliance {unknown}
 H - 2 potions of enlightenment {unknown}
 L - a potion of cancellation {unknown}


   Skills:
 + Level 11.1 Fighting
 * Level 16.1 Axes
 - Level 2.4 Dodging
 + Level 4.8 Invocations


You had 9 spell levels left.
You didn't know any spells.
Your spell library contained the following spells:

 Spells                   Type           Power      Damage    Failure   Level
 Apportation              Tloc           0%         N/A       54%         1
 Necrotise                Necr           0%         1d4       54%         1
 Sting                    Tmut/Pois      0%         1d3       54%         1
 Summon Small Mammal      Summ           0%         N/A       54%         1
 Poisonous Vapours        Pois/Air       0%         N/A       69%         2
 Ignite Poison            Fire/Tmut/Pois 0%         N/A       89%         3
 Olgreb's Toxic Radiance  Pois           0%         N/A       100%        4
 Sticky Flame             Conj/Fire      0%         2d3       100%        4
 Ignition                 Fire           0%         3d3       100%        8


Dungeon Overview and Level Annotations

Branches:
Dungeon (9/15)             Temple (1/1) D:4         Ossuary (visited)
   Lair: D:8-11         Orc: D:9-12

Altars:
Cheibriados
Dithmenos
Elyvilon
Fedhas
Gozag
Hepliaklqana
Kikubaaqudgha
Makhleb
Nemelex Xobeh
Okawaru
Qazlal
Ru
Sif Muna
Trog
Uskayaw
Vehumet
Wu Jian
Yredelemnul
Zin
The Shining One

Shops:
D:5 :

Annotations:
D:8 2 transporters, Salticidae's ghost, novice FeSh


Message History

Aim: a tengu warrior, wielding a +0 great sword and wearing a +0 leather armour (41% to hit)
You throw a curare-tipped dart.
The curare-tipped dart closely misses the tengu warrior.
The tengu warrior hits you with a +0 great sword!
The tengu warrior pecks you but does no damage.
The tengu warrior barely misses you.
You slice the tengu warrior!!
The tengu warrior is heavily wounded.
The tengu warrior hits you but does no damage.
The tengu warrior pecks you but does no damage.
The tengu warrior completely misses you.
Unknown command.
You closely miss the tengu warrior.
The tengu warrior is heavily wounded.
The tengu warrior hits you with a +0 great sword!
* * * LOW HITPOINT WARNING * * *
The tengu warrior pecks you but does no damage.
The tengu warrior claws you.
* * * LOW HITPOINT WARNING * * *
You slice the tengu warrior!!
The tengu warrior is severely wounded.
Unknown command.
You hit the tengu warrior.
The tengu warrior is almost dead.
The tengu warrior closely misses you.
The tengu warrior pecks you but does no damage.
The tengu warrior claws you.
* * * LOW HITPOINT WARNING * * *
Unknown command.
You miss the tengu warrior.
The tengu warrior is almost dead.
The tengu warrior hits you with a +0 great sword!
* * * LOW HITPOINT WARNING * * *
The tengu warrior pecks you but does no damage.
The tengu warrior claws you.
* * * LOW HITPOINT WARNING * * *
You miss the tengu warrior.
The tengu warrior is almost dead.
The tengu warrior hits you with a +0 great sword!
You die...

.# .### !. ...# .#
##.# .# #.#.# '..
#.#.# .# #.#.# #.#
.# #.#.#
#.#######(# #.#.#
#.......@.## #.#.#
#.##.#.Q##.##
#.#.# #.# #(#)).)#
#...#
#.####.)#####
###.# #..#.##)).#
#.####.#.###.##.#
#.........†....#..
#.####.###'###.#
#.. #.#
#.#P....#... #


You could see a tengu warrior.

Vanquished Creatures
  A centaur warrior (D:9)
  Pikel (D:5)
  A cyclops (D:9)
  Joseph (D:7)
  A vampire (D:7)
  Sigmund (D:5)
  A wyvern (D:9)
  A steam dragon (D:8)
  Grum (D:8)
  Duvessa (D:5)
  An orc warrior (D:6)
  An ice beast (D:6)
  A sky beast (D:6)
  2 wolves (D:8)
  A black bear (D:4)
  2 ogres
  3 centaurs
  3 lemures (D:5)
  2 phantoms
  A kobold brigand (D:8)
  3 bullfrogs
  Blork the orc (D:5)
  A gnoll sergeant (D:9)
  A scorpion (D:4)
  11 wights
  Dowan (D:5)
  A gnoll bouda (D:8)
  A hound (D:6)
  2 jellies
  An orc priest (D:7)
  A sleepcap (D:5)
  Crazy Yiuf (D:3)
  Ijyb (D:3)
  6 iguanas
  Natasha (thrice) (D:3)
  3 orc wizards
  8 mummies (Ossuary)
  5 adders
  10 gnolls
  A white imp (D:6)
  3 dart slugs
  18 orcs
  4 endoplasms
  4 giant cockroaches
  9 goblins
  8 hobgoblins
  2 jackals (D:1)
  11 kobolds
  2 quokkas
  6 ball pythons
  4 bats
  4 frilled lizards
  4 hobgoblin zombies (Ossuary)
  2 kobold zombies (Ossuary)
  2 orc zombies (Ossuary)
  7 rats
179 creatures vanquished.

Vanquished Creatures (others)
  A wolf (D:8)
1 creature vanquished.

Grand Total: 180 creatures vanquished

Notes
Turn   | Place    | Note
-------+----------+-------------------------------------------
     0 | D:1      | Bnni the Hill Orc Monk began the quest for the Orb.
     0 | D:1      | Reached XP level 1. HP: 19/19 MP: 1/1
   104 | D:1      | Found a faded altar of an unknown god.
   109 | D:1      | Reached XP level 2. HP: 25/27 MP: 2/2
   545 | D:1      | Reached skill level 5 in Axes
   654 | D:1      | Reached XP level 3. HP: 27/33 MP: 3/3
  1531 | D:2      | Identified the +1 scale mail of Integrity {*Slow rPois
                  | rF++}
  1572 | D:3      | Reached skill level 6 in Axes
  1572 | D:3      | Reached XP level 4. HP: 31/41 MP: 4/4
  1612 | D:3      | Noticed Ijyb
  1656 | D:3      | Killed Ijyb
  1685 | D:3      | Noticed Natasha
  1700 | D:3      | Killed Natasha
  1701 | D:3      | Reached skill level 5 in Fighting
  1701 | D:3      | Reached XP level 5. HP: 44/48 MP: 5/5
  1711 | D:3      | Noticed Natasha
  1717 | D:3      | Killed Natasha
  1818 | D:3      | Found a runed translucent door.
  1819 | D:3      | Noticed Crazy Yiuf
  1832 | D:3      | Killed Crazy Yiuf
  1833 | D:3      | Reached skill level 7 in Axes
  2114 | D:3      | Noticed Natasha
  2120 | D:3      | Killed Natasha
  2121 | D:3      | Reached XP level 6. HP: 56/56 MP: 6/6
  2319 | D:3      | Found an opulent altar of Gozag.
  2653 | D:4      | Noticed a black bear
  2661 | D:4      | Killed a black bear
  2662 | D:4      | Reached skill level 8 in Axes
  2793 | D:4      | Reached XP level 7. HP: 53/63 MP: 7/7
  2875 | D:4      | Reached skill level 9 in Axes
  2922 | D:4      | Found a staircase to the Ecumenical Temple.
  2945 | Temple   | Entered the Ecumenical Temple
  2982 | D:4      | Found a glowing silver altar of Zin.
  2982 | D:4      | Noticed an angel
  3087 | D:5      | Entered Level 5 of the Dungeon
  3100 | D:5      | Noticed Pikel
  3116 | D:5      | Killed Pikel
  3117 | D:5      | Reached skill level 10 in Axes
  3117 | D:5      | Reached XP level 8. HP: 14/73 MP: 8/8
  3314 | D:5      | Noticed Dowan
  3315 | D:5      | Noticed Duvessa
  3325 | D:5      | Killed Dowan
  3326 | D:5      | Killed Duvessa
  3327 | D:5      | Reached skill level 11 in Axes
  3357 | D:5      | Noticed Blork the orc
  3364 | D:5      | Killed Blork the orc
  3470 | D:5      | Found Qugisoma's Book Emporium.
  3483 | D:5      | Identified the +1 ring mail "Xamp" {-Cast rC+ Regen+}
  3513 | D:5      | Noticed Sigmund
  3521 | D:5      | Killed Sigmund
  3858 | D:6      | Reached skill level 12 in Axes
  3934 | D:6      | Reached XP level 9. HP: 79/82 MP: 9/9
  4029 | D:6      | Found a sand-covered staircase.
  4048 | Ossuary  | Entered an ossuary
  4379 | D:6      | Reached skill level 13 in Axes
  4722 | D:7      | Noticed Joseph
  4734 | D:7      | Killed Joseph
  4847 | D:7      | Reached skill level 14 in Axes
  5100 | D:7      | Became a worshipper of Beogh the Brigand
  5100 | D:7      | Reached * piety under Beogh
  5100 | D:7      | Reached ** piety under Beogh
  5228 | D:7      | Reached skill level 10 in Fighting
  5607 | D:8      | Found a transporter.
  5627 | D:8      | Noticed a moth of wrath
  5641 | D:8      | Reached skill level 1 in Invocations
  5644 | D:8      | Reached XP level 10. HP: 81/92 MP: 10/10
  5842 | D:8      | Found a transporter.
  5848 | D:8      | Noticed Salticidae's ghost (novice FeSh)
  5872 | D:8      | Found a shimmering blue altar of Sif Muna.
  5916 | D:8      | Noticed Grum
  5927 | D:8      | HP: 3/94 [Grum/+1 halberd of venom (8)]
  5941 | D:8      | Reached skill level 15 in Axes
  6162 | D:8      | Killed Grum
  6772 | D:8      | Found a shadowy altar of Dithmenos.
  6900 | D:8      | Found a sparkling altar of Nemelex Xobeh.
  7177 | D:9      | Noticed a centaur warrior
  7177 | D:9      | Noticed a cyclops
  7186 | D:9      | Killed a centaur warrior
  7189 | D:9      | Killed a cyclops
  7190 | D:9      | Reached skill level 16 in Axes
  7299 | D:9      | Noticed a tengu warrior
  7310 | D:9      | HP: 3/95 [tengu warrior/+0 great sword (3)]
  7311 | D:9      | Mangled by a tengu warrior

Illustrated notes

Levels and vault maps discovered:
D:1:      dpeg_arrival_rooms_a, layout_rooms,
          hellmonk_ecumenical_altar_leap_of_faith, dk_noncrumbling_4,
          minmay_misc_feat_ornament
D:2:      layout_loops_ring, minmay_distorted
D:3:      minmay_inner_zag, layout_basic, mainiacjoe_overflow_brackets,
          st_stairs_12, bh_walls_and_bars, uniq_ijyb, uniq_natasha,
          uniq_crazy_yiuf_cottage
D:4:      layout_rooms, zin_angel, minmay_temple_entry_ruins
D:5:      layout_cave_pools, serial_shops, shop, uniq_sigmund, uniq_pikel,
          uniq_blork_the_orc, uniq_duvessa
D:6:      layout_gridville, lightli_ossuary_entry_decrepit_ruins
D:7:      layout_loops_ring, uniq_joseph
D:8:      layout_loops_ring, mainiacjoe_overflow_six_doors_small,
          nemelex_spade_bored_becter, mainiacjoe_overflow_alcove_2,
          gammafunk_ghost_berserking_beasts, uniq_grum
D:9:      layout_loops_ring, mainiacjoe_overflow_divided_tiny,
          minmay_shattered_shrine
Temple:   regret_index_temple_waves

Skill      XL: |  1  2  3  4  5  6  7  8  9 10 |
---------------+-------------------------------+-----
Fighting       | 4 5 6 7 8 10 11 | 11.1
Axes           | 5 6 7 8 10 12 14 16 | 16.1
Invocations    | 1 4 |  4.8
Dodging        | |  2.4

Action                     |  1- 3 |  4- 6 |  7- 9 | 10-12 || total
---------------------------+-------+-------+-------+-------++-------
  Melee: Hand axe          |   113 |   127 |    93 |       ||   333
         Battleaxe         |       |       |   122 |   113 ||   235
  Throw: Dart              |       |       |       |     3 ||     3
         Throwing net      |       |       |       |     1 ||     1
 Invoke: Convert to Beogh  |       |       |     1 |       ||     1
  Evoke: Wand              |       |       |       |     1 ||     1
    Use: Scroll            |       |       |     7 |     1 ||     8
         Potion            |       |       |     1 |     6 ||     7
   Stab: Sleeping          |       |       |     1 |       ||     1
 Armour: Leather armour    |    17 |       |       |       ||    17
         Ring mail         |    28 |    57 |   104 |   119 ||   308
  Dodge: Dodged            |    82 |    86 |   150 |   109 ||   427

Table legend: (Time is in decaauts)
 A = Elapsed time spent in this place.
 B = Non-inter-level travel time spent in this place.
 C = Inter-level travel time spent in this place.
 D = Time resting spent in this place.
 E = Time spent auto-exploring this place.
 F = Levels seen in this place.
 G = Mean time per level.
                   A        B        C        D        E       F      G
               +--------+--------+--------+--------+--------+-----+--------+
         Total |   7314 |   6976 |    338 |    463 |   5158 |  11 |  664.9 |
       Dungeon |   7103 |   6765 |    338 |    463 |   5017 |   9 |  789.2 |
        Temple |      1 |      1 |      0 |      0 |      0 |   1 |    1.0 |
       Ossuary |    209 |    209 |      0 |      0 |    141 |   1 |  209.0 |
               +--------+--------+--------+--------+--------+-----+--------+

Top non-repeatable levels by time:
     D:8: 1538 daAuts
     D:3: 999 daAuts
     D:7: 863 daAuts
     D:1: 807 daAuts
     D:2: 762 daAuts
     D:6: 719 daAuts
     D:5: 700 daAuts
     D:4: 532 daAuts
 Ossuary: 209 daAuts
     D:9: 181 daAuts
  Temple: 1 daAuts
